 Dungeon Crawl Stone Soup version 0.14-a0-1585-g835621a (webtiles) character file.

7315 PolkaDot the Cloud Mage (level 10, -17/63 HPs)
             Began as a Vampire Air Elementalist on Dec 22, 2013.
             Was a Priest of Vehumet.
             Demolished by a spiny frog (22 damage)
             ... on Level 1 of the Lair of Beasts.
             The game lasted 01:02:39 (13357 turns).

PolkaDot the Cloud Mage (Vampire Air Elementalist) Turns: 13357, Time: 01:02:39

HP -17/63        AC  0     Str  2      XL: 10   Next: 87%
MP  15/21        EV 21     Int 20      God: Vehumet [***...]
Gold 115         SH  0     Dex 19      Spells:  5 memorised,  4 levels left

rFire  . . .     SeeInvis +     m - melded +3,+1 elf cutlass (curse)
rCold  . . .     Clarity  .     v - melded +0 leather armour of Stiydwiz {rF+}
rNeg   + + .     Conserve .     g - melded +0 buckler (curse)
rPois  .         rCorr    .     j - melded +0 wizard hat
rElec  .         rRot     .     t - melded +1 cloak {rCorr, Cons}
SustAb . .       Spirit   .     d - melded +0 pair of gloves
rMut   .         Warding  +     (boots currently unavailable)
Saprov . . .     Stasis   .     E - amulet of warding
                                h - melded +4 ring of intelligence
                                p - melded ring of wizardry

@: bat-form, flying, mildly poisoned, very quick, somewhat resistant to hostile
enchantments, quite stealthy
A: bottle blood, (fangs 0), see invisible, (unbreathing)
a: Bottle Blood, End Transformation, Renounce Religion


You were on level 1 of the Lair of Beasts.
You worshipped Vehumet.
Vehumet was most pleased with you.
You were not thirsty.
You were in vampire bat-form.
You visited 3 branches of the dungeon, and saw 12 of its levels.

You collected 527 gold pieces.
You spent 412 gold pieces at shops.

Inventory:

Hand weapons
 m - a cursed +3,+1 elven cutlass (melded)
Armour
 d - a +0 pair of gloves (melded)
 g - a cursed +0 buckler (melded)
 j - a +0 wizard hat (melded)
 t - a +1 cloak of preservation (melded)
 v - the +0 leather armour of Stiydwiz (melded) {rF+}
   (You found it on level 6 of the Dungeon)

   It protects you from fire.
 F - a +1 elven ring mail of cold resistance
Magical devices
 a - a wand of draining (0)
 x - a wand of frost (9)
 z - a wand of slowing (5)
 C - a wand of magic darts (8)
 D - a wand of slowing (16)
 G - a wand of draining (10)
 H - a wand of frost (8)
Scrolls
 c - 3 scrolls of remove curse
 e - 3 scrolls of amnesia
 i - 2 scrolls of fog
 k - a scroll of recharging
Jewellery
 f - an uncursed amulet of conservation
 h - a +4 ring of intelligence (melded)
 o - an uncursed ring of protection from fire
 p - a ring of wizardry (melded)
 r - an uncursed ring of protection from magic
 u - a +4 ring of protection
 E - an amulet of warding (around neck)
Potions
 l - a potion of mutation {!q}
 q - a potion of cure mutation {!q}
 A - a potion of curing
Books
 b - a book of Air

   Spells                             Type                      Level
   *Shock                             Conjuration/Air              1
   Swiftness                          Charms/Air                   2
   *Repel Missiles                    Charms/Air                   2
   Flight                             Charms/Air                   3
   *Static Discharge                  Conjuration/Air              3
   *Lightning Bolt                    Conjuration/Air              5
 n - a book of Maledictions

   Spells                             Type                      Level
   Corona                             Hexes                        1
   Sure Blade                         Hexes/Charms                 2
   Ensorcelled Hibernation            Hexes/Ice                    2
   Confuse                            Hexes                        3
   Enslavement                        Hexes                        4
   Invisibility                       Hexes                        6


   Skills:
 - Level 3.3 Dodging
 - Level 3.0 Stealth
 * Level 4.5 Spellcasting
 + Level 8.2 Conjurations
 + Level 12.1 Air Magic


You had 4 spell levels left.
You knew the following spells:

 Your Spells              Type           Power        Failure   Level  Hunger
a - Shock                 Conj/Air       ####         1%          1    None
d - Mephitic Cloud        Conj/Pois/Air  ####....     2%          3    ###....
x - Lightning Bolt        Conj/Air       #####.....   6%          5    #####..
z - Static Discharge      Conj/Air       #####...     1%          3    ###....
D - Repel Missiles        Chrm/Air       ####......   6%          2    #......


Dungeon Overview and Level Annotations

Branches:
Dungeon (10/16)            Temple (1/1) D:6            Lair (1/8) D:9
    Orc: D:9-12

Altars:
Ashenzari
Elyvilon
Fedhas
Makhleb
Sif Muna
Vehumet
Xom
Zin

Shops:
D:6 ?   D:7 **


Innate Abilities, Weirdness & Mutations

You can bottle blood from corpses.
((You have razor-sharp teeth.))*
You have supernaturally acute eyesight.
((You can survive without breathing.))*


Message History

Your +0 pair of gloves melds into your body.
Your cursed +0 buckler melds into your body.
The +0 leather armour of Stiydwiz {rF+} melds into your body.
Your ring of wizardry melds into your body.
Your +4 ring of intelligence melds into your body.
You feel stupid. The jackal misses you. The spiny frog barely misses you.
* * * LOW HITPOINT WARNING * * *
You feel sick. Vehumet accepts your kill.
You feel a bit more experienced. The jackal misses you.
The jackal completely misses you.
* * * LOW HITPOINT WARNING * * *
You feel sick.
You feel a little better.
* * * LOW HITPOINT WARNING * * *
You feel sick.
* * * LOW HITPOINT WARNING * * *
You feel sick. The jackal misses you. The spiny frog stings you!
You die...

##########
##........#
#P........#
#..+.....h..#
+ #....Fh..#
#...r.b..##
#........f#
##f'####f##
##...# ##
##..# ##.#
#.## ###..##
#.....#


You could see a spiny frog, a quokka and 2 jackals.

Vanquished Creatures
  Maurice (D:8)
  2 two-headed ogres (D:8)
  A fire drake (D:9)
  4 blink frogs (Lair:1)
  A troll (D:7)
  3 hungry ghosts
  A wyvern (D:8)
  Eustachio (D:9)
  2 hippogriffs
  A yak (Lair:1)
  Menkaure (D:5)
  2 necrophages
  A black bear (D:7)
  2 sky beasts (D:7)
  An orc warrior (D:8)
  2 phantoms
  A yellow wasp (D:8)
  A centaur (D:7)
  2 ice beasts (D:5)
  4 ogres
  A gnoll sergeant (D:9)
  5 giant frogs
  A komodo dragon skeleton (D:9)
  10 killer bees
  A troll skeleton (D:7)
  3 wights (D:9)
  4 orc priests
  5 crimson imps
  3 hounds
  Crazy Yiuf (D:6)
  4 orc wizards
  4 scorpions
  3 iguanas (D:5)
  7 worker ants
  A killer bee zombie (D:5)
  A hound skeleton (D:8)
  A worker ant zombie (D:7)
  9 adders
  A giant centipede (Lair:1)
  4 gnolls (D:9)
  4 giant mites
  5 jellies (D:7)
  5 worms
  6 giant geckos
  An ooze (D:2)
  26 orcs
  2 bat skeletons
  A bat zombie (D:5)
  3 giant cockroaches
  8 goblins
  12 hobgoblins
  2 jackals (D:5)
  15 kobolds
  4 quokkas
  2 ball pythons (D:3)
  17 bats
  8 giant newts
  A giant spore (D:9)
  An orc zombie (D:9)
  A quokka zombie (D:9)
  13 rats
  6 ballistomycetes
246 creatures vanquished.

Vanquished Creatures (others)
  A giant spore (D:7)
1 creature vanquished.

Grand Total: 247 creatures vanquished

Notes
Turn   | Place    | Note
--------------------------------------------------------------
     0 | D:1      | PolkaDot, the Vampire Air Elementalist, began the quest for the Orb.
     0 | D:1      | Reached XP level 1. HP: 13/13 MP: 3/3
   426 | D:1      | Reached skill level 1 in Conjurations
   426 | D:1      | Reached XP level 2. HP: 7/19 MP: 0/4
  1117 | D:1      | Reached XP level 3. HP: 18/24 MP: 6/6
  2003 | D:3      | Reached XP level 4. HP: 30/30 MP: 7/7
  2034 | D:3      | Reached skill level 4 in Air Magic
  2206 | D:3      | Reached XP level 5. HP: 16/35 MP: 1/9
  2487 | D:3      | Learned a level 3 spell: Static Discharge
  3070 | D:4      | HP: 1/35 [orc (3)]
  3491 | D:5      | Entered Level 5 of the Dungeon
  3520 | D:5      | Reached XP level 6. HP: 29/41 MP: 8/11
  3679 | D:5      | Noticed an ogre
  3791 | D:5      | Noticed an ogre
  3808 | D:5      | Killed an ogre
  3808 | D:5      | Reached skill level 5 in Air Magic
  3816 | D:5      | Killed an ogre
  3997 | D:5      | Noticed Menkaure
  4018 | D:6      | Found Gata's Magic Scroll Shop.
  4197 | D:6      | Found a staircase to the Ecumenical Temple.
  4203 | Temple   | Entered the Ecumenical Temple
  4207 | Temple   | Became a worshipper of Vehumet
  4225 | D:5      | Noticed an ice beast
  4225 | D:5      | Noticed an ogre
  4306 | D:5      | Killed an ice beast
  4306 | D:5      | Reached skill level 6 in Air Magic
  4306 | D:5      | Reached XP level 7. HP: 12/46 MP: 3/12
  4312 | D:5      | Killed an ogre
  4851 | D:5      | Noticed an ice beast
  4851 | D:5      | Killed Menkaure
  4851 | D:5      | Reached skill level 7 in Air Magic
  4918 | D:4      | Found a deep blue altar of Sif Muna.
  4918 | D:4      | Found a blossoming altar of Fedhas.
  5220 | D:5      | Killed an ice beast
  5220 | D:5      | Reached XP level 8. HP: 24/52 MP: 3/14
  5531 | D:6      | Noticed Crazy Yiuf
  5539 | D:6      | Killed Crazy Yiuf
  5544 | D:6      | Identified a +0 cloak of preservation (You took it off Crazy Yiuf on level 6 of the Dungeon)
  5692 | D:6      | Got an ichor-stained leather armour
  6165 | D:7      | Learned a level 5 spell: Lightning Bolt
  6168 | D:7      | Learned a level 2 spell: Repel Missiles
  6180 | D:7      | Acquired Vehumet's first power
  6180 | D:7      | Offered knowledge of Magic Dart by Vehumet.
  6238 | D:7      | Reached skill level 8 in Air Magic
  6361 | D:7      | Noticed a troll
  6375 | D:7      | Killed a troll
  6375 | D:7      | Reached skill level 5 in Conjurations
  6567 | D:7      | Identified the +0 leather armour of Stiydwiz {rF+} (You found it on level 6 of the Dungeon)
  6639 | D:7      | Reached skill level 9 in Air Magic
  6708 | D:7      | Reached XP level 9. HP: 37/57 MP: 6/15
  7107 | D:7      | Found Xetulabb's Assorted Antiques.
  7275 | D:7      | Bought an oily brown potion for 17 gold pieces
  7275 | D:7      | Bought a yellow potion for 17 gold pieces
  7315 | D:7      | Reached skill level 10 in Air Magic
  8007 | D:7      | Found Musecalli's General Store.
  8291 | D:7      | Offered knowledge of Throw Flame by Vehumet.
  8439 | D:8      | Noticed Maurice
  8892 | D:8      | Reached skill level 11 in Air Magic
  9606 | D:8      | Reached XP level 10. HP: 63/63 MP: 17/17
 10753 | D:8      | Offered knowledge of Mephitic Cloud by Vehumet.
 10772 | D:8      | Learned a level 3 spell: Mephitic Cloud
 11001 | D:8      | Killed Maurice
 11125 | D:7      | Bought a +4 ring of intelligence for 378 gold pieces
 11331 | D:9      | Found a staircase to the Lair.
 12055 | D:9      | Found a shimmering altar of Xom.
 12056 | D:9      | Found a shimmering altar of Xom.
 12190 | D:9      | Acquired Vehumet's second power
 12299 | D:9      | Noticed Eustachio
 12303 | D:9      | Killed Eustachio
 12385 | D:9      | Noticed a moth of wrath
 12396 | D:9      | a moth of wrath changed into a wind drake
 12589 | D:9      | Noticed a draconian
 12591 | D:9      | a draconian changed into a merfolk
 12783 | D:9      | Offered knowledge of Throw Icicle by Vehumet.
 12965 | D:10     | Entered Level 10 of the Dungeon
 13217 | Lair:1   | Entered Level 1 of the Lair of Beasts
 13249 | Lair:1   | Reached skill level 12 in Air Magic
 13357 | Lair:1   | Demolished by a spiny frog

Action                   |  1- 3 |  4- 6 |  7- 9 | 10-12 || total
-------------------------+-------+-------+-------+-------++-------
Melee: Unarmed           |    19 |       |       |       ||    19
       Whip              |     7 |   122 |   326 |    12 ||   467
       Dagger            |    63 |       |       |       ||    63
       Trident           |    40 |    23 |       |       ||    63
       Short sword       |       |    25 |       |       ||    25
       Cutlass           |       |       |       |   189 ||   189
 Cast: Shock             |    32 |    33 |     7 |     2 ||    74
       Static Discharge  |       |     2 |    63 |    43 ||   108
       Lightning Bolt    |       |       |    17 |    16 ||    33
       Repel Missiles    |       |       |     1 |       ||     1
       Mephitic Cloud    |       |       |       |    11 ||    11
 Abil: Bat Form          |       |       |     1 |     2 ||     3
       End Transformatio |       |       |     1 |     1 ||     2
Evoke: Wand              |       |     1 |     8 |     3 ||    12
  Use: Potion            |     3 |     6 |     5 |       ||    14
       Scroll            |       |    12 |     7 |     9 ||    28
 Stab: Sleeping          |     9 |     5 |     3 |     2 ||    19
       Distracted        |     1 |       |     1 |     1 ||     3
       Fleeing           |       |       |     1 |       ||     1
       Confused          |       |       |       |     8 ||     8
